 Dungeon Crawl Stone Soup version 0.29-a0-72-g1732ff48e7 (webtiles) character file.

Game seed: 10286774891446645477

452 HallandMoats the Ruffian (level 7, -2/60 HPs)
             Began as a Ghoul Monk on Feb 4, 2022.
             Killed from afar by a steam dragon (20 damage)
             ... with a ball of steam
             ... on level 5 of the Dungeon.
             The game lasted 00:06:42 (5845 turns).

HallandMoats the Ruffian (Ghoul Monk)               Turns: 5845, Time: 00:06:42

Health: -2/60      AC:  7    Str: 17    XL:     7   Next: 4%
Magic:  8/8        EV: 10    Int:  5    God:
Gold:   72         SH:  0    Dex: 11    Spells: 6/6 levels left

rFire   . . .      SeeInvis .     - Unarmed
rCold   + . .      Faith    .   (no shield)
rNeg    + + +      Spirit   .   p - +0 scale mail
rPois   ∞          Reflect  .   (no helmet)
rElec   .          Harm     .   o - +0 cloak
rCorr   .          Rampage  .   (no gloves)
Will    .....                   (no boots)
Stlth   ..........              (no amulet)
HPRegen 0.00/turn               (no ring)
MPRegen 0.11/turn               (no ring)

@: weak-willed, inhibited regen
A: claws 1, cold resistance 1, negative energy resistance 3, inhibited
regeneration, torment resistance 2
a: no special abilities


You were on level 5 of the Dungeon.
You visited 1 branch of the dungeon, and saw 5 of its levels.

You collected 137 gold pieces.
You spent 65 gold pieces at shops.

Inventory:

Armour
 o - a +0 cloak (worn)
 p - a +0 scale mail (worn)
Scrolls
 b - a scroll of teleportation
 g - a scroll of immolation
 j - a scroll of enchant armour
 k - a scroll of amnesia
 q - a scroll of magic mapping
 r - a scroll of vulnerability
Potions
 a - a potion of degeneration {unknown}
 d - a potion of berserk rage {unknown}
 f - 3 potions of curing {unknown}
 i - 2 potions of brilliance {unknown}
 l - a potion of lignification {unknown}
 m - 2 potions of attraction {unknown}
 n - a potion of heal wounds


   Skills:
 * Level 4.8 Fighting
 + Level 1.7 Armour
 + Level 3.4 Dodging
 - Level 2.1 Stealth
 + Level 1.8 Shields
 * Level 4.8 Unarmed Combat
 * Level 3.5 Invocations


You had 6 spell levels left.
You didn't know any spells.
Your spell library was empty.

Dungeon Overview and Level Annotations

Branches:
Dungeon (5/15)
 Temple: D:4-7

Altars:
Dithmenos
Gozag
Qazlal
Sif Muna

Shops:
D:1 [   D:3 !


Innate Abilities, Weirdness & Mutations

You thrive by killing the living.
You are immune to poison.
You have sharp fingernails.
Your flesh is cold resistant. (rC+)
You are immune to negative energy. (rN+++)
You do not regenerate when monsters are visible.
You are immune to unholy pain and torment.


Message History

The steam dragon closely misses you.
The steam dragon claws you but does no damage.
You barely miss the steam dragon.
The steam dragon is heavily wounded.
You are engulfed in a cloud of scalding steam.
The steam dragon bites you. The steam dragon misses you.
You claw the steam dragon!
The steam dragon is severely wounded.
You are engulfed in a cloud of scalding steam.
The steam dragon bites you. The steam dragon claws you.
You scratch the steam dragon.
The steam dragon is severely wounded.
The steam dragon completely misses you. The steam dragon claws you.
You closely miss the steam dragon.
The steam dragon is severely wounded.
The steam dragon bites you!
The steam dragon claws you but does no damage.
You claw the steam dragon!
The steam dragon is almost dead.
A hound skeleton comes into view.
The steam dragon bites you but does no damage.
The steam dragon claws you but does no damage.
You barely miss the steam dragon.
The steam dragon is almost dead.
The steam dragon bites you.
* * * LOW HITPOINT WARNING * * *
The steam dragon claws you but does no damage.
You barely miss the steam dragon.
The steam dragon is almost dead.
The steam dragon completely misses you. The steam dragon closely misses you.
You scratch the steam dragon but do no damage.
The steam dragon is almost dead.
You closely miss the steam dragon.
The steam dragon is almost dead.
The steam dragon barely misses you. The steam dragon closely misses you.
You barely miss the steam dragon.
The steam dragon is almost dead.
The steam dragon breathes steam at you. The ball of steam hits you!!
You die...

####.. .
#....
....####$.#
.....ZD@.#
..........#
#..#.##.#....
# # #..#####
##. .. #$ ..


You could see a steam dragon (catching breath) and a hound skeleton.

Vanquished Creatures
  An ogre (D:4)
  An orc priest (D:4)
  Crazy Yiuf (D:3)
  A jelly (D:4)
  Natasha (twice) (D:2)
  2 iguanas
  An orc wizard (D:4)
  3 gnolls (D:2)
  4 adders
  3 worms
  2 dart slugs
  6 orcs
  7 endoplasms
  2 giant cockroaches
  6 goblins
  8 hobgoblins
  5 jackals
  3 kobolds
  4 quokkas
  8 ball pythons
  5 bats
  4 rats
79 creatures vanquished.

Notes
Turn   | Place    | Note
-------+----------+-------------------------------------------
     0 | D:1      | HallandMoats the Ghoul Monk began the quest for the Orb.
     0 | D:1      | Reached XP level 1. HP: 19/19 MP: 0/0
   107 | D:1      | Found Valest's Armour Shop.
   204 | D:1      | Reached XP level 2. HP: 26/26 MP: 1/1
   434 | D:1      | Reached skill level 1 in Invocations
   817 | D:1      | Reached XP level 3. HP: 31/31 MP: 2/2
  1101 | D:2      | Found a stormy altar of Qazlal.
  1340 | D:2      | Reached XP level 4. HP: 25/40 MP: 4/4
  1882 | D:2      | Reached skill level 1 in Armour
  1882 | D:2      | Reached skill level 1 in Shields
  2519 | D:2      | Noticed Natasha
  2525 | D:2      | Killed Natasha
  2526 | D:2      | Reached XP level 5. HP: 36/46 MP: 5/5
  2732 | D:2      | Noticed Natasha
  2743 | D:2      | Killed Natasha
  3284 | D:3      | Found an opulent altar of Gozag.
  3302 | D:3      | Found a faded altar of an unknown god.
  3541 | D:3      | Found a runed translucent door.
  3542 | D:3      | Noticed Crazy Yiuf
  3905 | D:3      | Found Ytsopheck's Distillery.
  3917 | D:3      | Bought a potion of heal wounds for 65 gold pieces
  4140 | D:3      | Killed Crazy Yiuf
  4565 | D:3      | Reached XP level 6. HP: 43/53 MP: 7/7
  4836 | D:4      | Found a shadowy altar of Dithmenos.
  5446 | D:4      | Reached XP level 7. HP: 20/60 MP: 8/8
  5769 | D:4      | Found a shimmering blue altar of Sif Muna.
  5797 | D:5      | Entered Level 5 of the Dungeon
  5832 | D:5      | Noticed a steam dragon
  5845 | D:5      | Killed from afar by a steam dragon

Illustrated notes

Levels and vault maps discovered:
D:1:      scummos_arrival_forest, layout_basic, serial_shops,
          nicolae_shop_crystal, minivault_14
D:2:      layout_basic, basic_altar, uniq_natasha
D:3:      layout_basic, general_overflow_altar, basic_ecumenical_altar,
          serial_shops, shop, minmay_misc_feat_iff, uniq_crazy_yiuf_cottage
D:4:      layout_cave_pools, mainiacjoe_overflow_big_doors
D:5:      layout_rooms, lemuel_coloured_pillars_altar, uniq_grinder

Skill      XL: |  1  2  3  4  5  6 |
---------------+-------------------+-----
Invocations    | 1 2 3 |  3.5
Dodging        | 3 |  3.4
Armour         | 1 |  1.7
Shields        | 1 |  1.8
Unarmed Combat | 4 |  4.8
Fighting       | 4 |  4.8
Stealth        | |  2.1

Action                   |  1- 3 |  4- 6 |  7- 9 || total
-------------------------+-------+-------+-------++-------
Melee: Unarmed           |    78 |   184 |    13 ||   275
       Punch             |       |     5 |       ||     5
  Use: Potion            |       |     1 |       ||     1
       Scroll            |       |       |     8 ||     8
 Stab: Sleeping          |     7 |     2 |       ||     9
       Distracted        |     1 |       |       ||     1
Armor: Robe              |     8 |     7 |       ||    15
       Scale mail        |       |    27 |     6 ||    33
Dodge: Dodged            |    51 |   124 |     8 ||   183

Table legend: (Time is in decaauts)
 A = Elapsed time spent in this place.
 B = Non-inter-level travel time spent in this place.
 C = Inter-level travel time spent in this place.
 D = Time resting spent in this place.
 E = Time spent auto-exploring this place.
 F = Levels seen in this place.
 G = Mean time per level.
                   A        B        C        D        E       F      G
               +--------+--------+--------+--------+--------+-----+--------+
         Total |   5837 |   5720 |    117 |   1482 |   3386 |   5 | 1167.4 |
       Dungeon |   5837 |   5720 |    117 |   1482 |   3386 |   5 | 1167.4 |
               +--------+--------+--------+--------+--------+-----+--------+

Top non-repeatable levels by time:
     D:2: 1991 daAuts
     D:3: 1744 daAuts
     D:1: 1250 daAuts
     D:4: 804 daAuts
     D:5: 46 daAuts
